Map: Distant Plane

Players

Corrupt

  • Race: Protoss Protoss

Scipio

  • Race: Zerg Zerg

GillyKiller - Winner!

  • Race: Terran Terran
  • League: Silver

Grumm - Winner!

  • Race: Protoss Protoss
  • League: Gold

VOD

Have the link to the VOD?

Description

Time

  • Played on: Jan. 22, 2016, 1:07 a.m.
  • Length: 23:48
Show
View Real Time Build Order
Export as new Build Order

Corrupt Protoss 

Build Orders:  

Get SALT Encoding   

  12  0:03  Probe (Chrono Boost)  
  13  0:13  Probe (Chrono Boost)  
  14  0:24  Pylon, Probe (Chrono Boost)  
  15  0:42  Probe (Chrono Boost)  
  16  0:44  Gateway  
  16  0:52  Probe (Chrono Boost)  
  17  1:01  Forge  
  17  1:03  Probe (Chrono Boost)  
  18  1:11  Assimilator  
  18  1:13  Assimilator  
  18  1:14  Probe (Chrono Boost)  
  19  1:24  Probe (Chrono Boost)  
  20  1:29  Pylon  
  20  1:34  Zealot  
  20  1:35  Probe (Chrono Boost)  
  23  1:47  Probe (Chrono Boost)  
  24  1:58  Probe (Chrono Boost)  
  25  2:06  Nexus  
  25  2:16  Pylon  
  25  2:34  Cybernetics Core  
  25  2:40  Probe (Chrono Boost)  
  26  2:50  Probe (Chrono Boost)  
  27  2:55  Photon Cannon  
  27  3:01  Pylon, Probe (Chrono Boost)  
  28  3:11  Probe (Chrono Boost)  
  29  3:13  Stalker  
  29  3:19  Probe (Chrono Boost)  
  32  3:22  Probe (Chrono Boost)  
  33  3:30  Probe (Chrono Boost)  
  33  3:32  Probe (Chrono Boost)  
  35  3:40  Probe (Chrono Boost)  
  36  3:43  Probe (Chrono Boost), Zealot  
  39  3:51  Probe (Chrono Boost)  
  39  3:52  Stargate  
  39  3:53  Probe (Chrono Boost)  
  39  3:54  Photon Cannon  
  41  4:01  Probe (Chrono Boost)  
  42  4:04  Probe (Chrono Boost)  
  42  4:08  Photon Cannon  
  43  4:13  Probe (Chrono Boost)  
  43  4:15  Assimilator, Probe (Chrono Boost)  
  45  4:19  Assimilator  
  45  4:20  Protoss Air Weapons Level 1 (Chrono Boost)  
  45  4:22  Probe (Chrono Boost)  
  46  4:39  Pylon  
  46  4:44  Void Ray (Chrono Boost)  
  50  4:58  Mothership Core  
  52  5:08  Fleet Beacon  
  52  5:11  Pylon  
  52  5:19  Pylon  
  52  5:22  Void Ray (Chrono Boost)  
  56  5:45  Stargate  
  56  5:50  Photon Cannon  
  56  5:59  Void Ray (Chrono Boost)  
  56  6:00  Photon Cannon  
  56  6:01  Pylon  
  60  6:06  Probe  
  61  6:16  Probe  
  61  6:17  Graviton Catapult  
  68  6:27  Probe  
  69  6:39  Probe  
  70  6:44  Carrier (Chrono Boost)  
  76  7:10  Carrier (Chrono Boost)  
  82  7:20  Protoss Air Armor Level 1  
  82  7:36  Photon Cannon  
  82  7:47  Probe  
  83  8:08  Void Ray (Chrono Boost)  
  87  8:24  Void Ray (Chrono Boost)  
  91  8:29  Anion Pulse-Crystals  
  89  8:45  Phoenix (Chrono Boost)  
  91  9:11  Pylon  
  91  9:16  Pylon  
  91  9:45  Nexus  
  91  9:47  Pylon  
  91  9:50  Pylon  
  91  9:54  Pylon  
  91  9:59  Pylon  
  76  10:32  Mothership Core  
  78  10:45  Probe  
  79  10:52  Carrier x2 (Chrono Boost)  
  79  10:53  Probe  
  81  10:57  Probe  
  93  11:05  Probe  
  93  11:07  Protoss Air Weapons Level 2 (Chrono Boost)  
  93  11:09  Probe  
  95  11:15  Probe  
  95  11:17  Probe  
  97  11:21  Probe  
  104  11:27  Probe  
  104  11:29  Pylon, Probe  
  104  11:32  Pylon  
  106  11:33  Probe  
  106  11:34  Pylon  
  106  11:36  Pylon  
  106  11:37  Pylon  
  106  11:39  Probe  
  108  11:42  Pylon  
  108  11:45  Assimilator  
  108  11:49  Assimilator  
  108  11:51  Probe  
  109  12:02  Photon Cannon  
  109  12:04  Photon Cannon  
  109  12:07  Photon Cannon  
  109  12:08  Void Ray x2  
  109  12:09  Photon Cannon  
  109  12:14  Photon Cannon  
  117  12:16  Photon Cannon  
  115  12:46  Void Ray x2  
  123  13:25  Phoenix x2  
  89  14:12  Void Ray  
  89  14:13  Void Ray  
  67  14:29  Protoss Air Weapons Level 3 (Chrono Boost)  
  67  14:31  Probe  
  68  14:43  Probe  
  69  14:49  Void Ray  
  69  14:51  Void Ray  
  69  14:55  Probe  
  78  15:21  Pylon, Nexus  
  78  15:25  Pylon x2  
  78  15:26  Void Ray  
  78  15:28  Void Ray  
  78  15:29  Assimilator, Pylon  
  78  15:31  Assimilator  
  86  15:49  Photon Cannon  
  86  15:50  Photon Cannon  
  86  15:53  Photon Cannon x2  
  86  15:56  Photon Cannon  
  86  15:57  Photon Cannon  
  86  16:02  Mothership Core  
  86  16:03  Void Ray  
  88  16:05  Void Ray  
  96  16:41  Void Ray  
  96  16:42  Void Ray  
  96  16:45  Protoss Air Armor Level 2 (Chrono Boost)  
  104  16:58  Photon Cannon  
  104  16:59  Photon Cannon  
  110  17:18  Tempest  
  110  17:20  Tempest  
  109  17:25  Probe  
  118  17:36  Probe  
  114  17:46  Probe  
  107  17:55  Tempest  
  107  17:57  Tempest  
  115  18:18  Pylon  
  115  18:19  Pylon  
  115  18:21  Photon Cannon  
  115  18:22  Pylon  
  115  18:23  Photon Cannon  
  115  18:26  Photon Cannon  
  115  18:27  Photon Cannon  
  115  18:28  Photon Cannon  
  115  18:32  Void Ray, Photon Cannon  
  115  18:34  Void Ray  
  123  19:09  Twilight Council  
  123  19:12  Phoenix  
  123  19:14  Phoenix  
  127  19:34  Phoenix  
  127  19:35  Phoenix  
  131  19:47  Carrier  
  131  19:49  Carrier  
  96  21:33  Nexus  
  96  21:36  Pylon  
  96  21:38  Pylon  
  96  21:40  Pylon  
  96  21:44  Pylon  
  96  21:46  Pylon  
  92  21:48  Pylon  
  92  21:50  Assimilator  
  88  21:56  Assimilator  
  88  22:10  Forge  
  88  22:12  Gateway  
  87  22:29  Pylon  
  87  22:30  Pylon  
  87  22:32  Pylon  
  87  22:33  Pylon  
  87  22:34  Pylon  
  87  22:36  Pylon  
  61  22:55  Photon Cannon x2  
  61  22:58  Photon Cannon  
  61  23:00  Photon Cannon  
  61  23:02  Photon Cannon  
  61  23:05  Photon Cannon x2  
  61  23:13  Cybernetics Core  
  61  23:17  Photon Cannon  
Show
View Real Time Build Order
Export as new Build Order

Scipio Zerg 

Build Orders: Hatch First 

Get SALT Encoding   

  12  0:17  Drone, Overlord  
  12  0:18  Drone  
  14  0:31  Drone, Extractor  
  14  0:46  Drone  
  15  1:10  Drone x2  
  17  1:15  Hatchery  
  16  1:24  Spawning Pool  
  15  1:35  Drone x3  
  18  1:57  Overlord  
  18  1:58  Drone  
  19  2:12  Queen  
  19  2:13  Overlord  
  21  2:32  Zergling x6  
  24  2:42  Metabolic Boost  
  24  2:44  Drone  
  24  2:45  Drone  
  24  2:47  Queen  
  28  2:58  Queen  
  30  3:03  Drone  
  30  3:04  Drone x3  
  33  3:21  Spine Crawler  
  32  3:54  Overlord  
  33  3:55  Drone x2  
  33  3:56  Drone x6  
  40  4:09  Extractor  
  39  4:17  Lair  
  39  4:24  Zergling x4  
  39  4:25  Zergling x6  
  44  4:34  Evolution Chamber  
  43  5:02  Zerg Melee Weapons Level 1  
  34  5:25  Spore Crawler  
  34  5:26  Drone x3  
  34  5:27  Drone x4  
  40  5:44  Spore Crawler x2  
  40  5:47  Spore Crawler  
  37  6:23  Spire  
  36  6:29  Extractor  
  36  6:31  Extractor  
  34  6:33  Drone x3, Zergling x6  
  34  6:34  Drone x2, Zergling x4  
  44  6:52  Overlord x2  
  43  7:14  Zerg Ground Armor Level 1  
  43  7:17  Drone  
  43  7:18  Drone x7  
  43  7:19  Drone  
  52  7:49  Corruptor x3  
  52  7:50  Corruptor x2  
  62  8:08  Overlord  
  62  8:11  Mutalisk, Corruptor  
  66  8:14  Overlord x3  
  66  8:21  Zerg Flyer Weapons Level 1  
  66  8:25  Overseer  
  66  8:26  Overseer  
  66  8:40  Mutalisk x3  
  72  8:43  Zergling x2  
  72  8:44  Zergling x4  
  60  9:15  Drone x6  
  66  9:19  Spine Crawler  
  66  9:22  Spine Crawler  
  64  9:32  Mutalisk, Corruptor  
  64  9:33  Mutalisk, Corruptor  
  57  10:14  Mutalisk x2  
  57  10:15  Mutalisk  
  58  10:46  Infestation Pit  
  58  10:50  Drone  
  58  11:03  Mutalisk x3  
  64  11:11  Drone x4  
  64  11:12  Drone x2  
  70  11:18  Overseer  
  70  11:26  Spore Crawler  
  70  11:31  Drone x2  
  70  11:32  Drone x2  
  73  11:39  Spore Crawler  
  72  11:46  Hive  
  72  11:53  Mutalisk x2, Zerg Flyer Armor Level 1  
  74  11:57  Mutalisk  
  74  12:00  Drone x3  
  80  12:05  Drone x2  
  82  12:17  Infestor  
  84  12:25  Infestor  
  84  12:28  Drone x2  
  82  13:19  Zergling x6  
  71  13:20  Zergling x12  
  71  13:22  Burrow  
  61  13:38  Mutalisk  
  61  13:39  Mutalisk x2  
  67  13:52  Mutalisk x2  
  67  13:54  Overlord  
  62  14:17  Mutalisk x2  
  62  14:18  Mutalisk  
  66  14:42  Mutalisk  
  66  14:43  Zergling x8  
  66  14:44  Zergling x2  
  73  15:00  Hatchery  
  72  15:27  Mutalisk x3  
  78  15:31  Extractor  
  78  15:34  Extractor  
  76  16:00  Drone x3  
  76  16:01  Drone x5  
  84  16:06  Overlord  
  84  16:24  Mutalisk x4  
  84  16:25  Mutalisk x2  
  77  16:52  Mutalisk x3  
  77  16:53  Mutalisk  
  75  16:55  Zergling x14  
  84  17:29  Mutalisk x4  
  79  18:07  Infestor  
  79  18:08  Infestor  
  79  18:09  Infestor  
  85  18:27  Spawning Pool  
  81  18:53  Infestor x2  
  81  18:54  Infestor  
  87  19:17  Pathogen Glands  
  87  19:19  Overlord x2  
  87  19:20  Overlord  
  87  19:22  Infestor  
  87  20:01  Infestor, Swarm Host  
  92  20:11  Lair  
  61  21:06  Zergling x8  
  61  21:07  Zergling x10  
Show
View Real Time Build Order
Export as new Build Order

GillyKiller Terran - Winner!

Build Orders:  

Get SALT Encoding   

  12  0:01  SCV  
  13  0:13  SCV  
  14  0:24  Supply Depot  
  14  0:25  SCV  
  15  0:36  Refinery  
  15  0:45  SCV  
  15  0:48  Barracks  
  16  0:58  SCV  
  17  1:10  SCV  
  18  1:22  SCV  
  19  1:27  Refinery  
  19  1:34  SCV  
  19  1:39  Supply Depot  
  20  1:40  Marine  
  20  1:46  Orbital Command  
  21  1:51  Factory  
  21  2:14  SCV  
  22  2:24  Command Center  
  22  2:26  SCV  
  23  2:38  SCV  
  24  2:44  Starport  
  24  2:49  Factory Reactor  
  24  2:51  SCV  
  25  3:03  SCV  
  26  3:15  SCV  
  27  3:20  Medivac  
  27  3:24  Factory  
  27  3:26  Widow Mine  
  31  3:35  Widow Mine  
  33  3:44  Supply Depot  
  33  3:45  Orbital Command  
  33  3:49  Supply Depot, SCV  
  34  4:14  Factory Tech Lab  
  34  4:15  Factory Tech Lab  
  34  4:33  Barracks Tech Lab  
  34  4:43  Siege Tank x2  
  40  4:46  Supply Depot x2  
  40  5:00  Orbital Command  
  40  5:12  Medivac x2  
  44  5:17  Supply Depot  
  44  5:19  Hellion x2  
  48  5:25  SCV  
  49  5:37  SCV  
  49  5:41  Siege Tank x2  
  56  5:49  SCV  
  57  6:02  SCV  
  58  6:14  SCV  
  59  6:26  Siege Tank x2  
  59  6:29  SCV, Barracks  
  59  6:31  Barracks  
  66  6:41  SCV  
  67  6:54  SCV  
  68  7:06  SCV  
  69  7:18  Barracks Reactor x2, SCV  
  70  7:23  Engineering Bay x2  
  65  7:52  Terran Infantry Armor Level 1, Terran Infantry Weapons Level 1  
  65  7:54  Marine x2  
  65  7:55  Marine x2  
  69  7:58  Starport  
  69  8:00  Viking  
  69  8:04  SCV  
  72  8:07  Refinery  
  72  8:10  Refinery  
  72  8:14  Command Center  
  72  8:16  SCV  
  73  8:28  SCV  
  74  8:39  Marine  
  74  8:40  Marine x3, SCV  
  79  8:52  SCV  
  80  8:57  Widow Mine x2, Marine x2  
  86  9:08  Supply Depot  
  86  9:10  Marine x2, SCV  
  86  9:15  Marine x2  
  91  9:22  SCV  
  91  9:23  Supply Depot  
  92  9:25  Widow Mine  
  92  9:26  Widow Mine  
  92  9:28  Marine x2  
  92  9:30  Viking x2  
  102  9:31  Starport Tech Lab  
  102  9:33  Marine x2, SCV  
  102  9:34  SCV  
  102  9:35  Refinery  
  106  9:38  Refinery  
  106  9:45  SCV  
  107  9:46  Marine x2, SCV  
  110  9:57  SCV  
  110  9:59  SCV  
  96  10:35  Marine x3  
  96  10:36  Marine  
  96  10:40  Raven  
  96  10:42  Viking x2  
  106  10:45  Orbital Command  
  106  10:49  SCV  
  107  10:52  Siege Tank x2  
  107  10:53  Marine x4  
  107  10:55  Armory  
  117  11:01  SCV  
  118  11:11  Marine x2  
  119  11:13  SCV  
  121  11:20  Viking x2  
  121  11:23  Raven  
  127  11:29  Marine x4  
  131  11:44  Terran Infantry Weapons Level 2, Terran Infantry Armor Level 2  
  131  11:46  Marine  
  131  11:47  Terran Vehicle Weapons Level 1, Marine  
  132  11:49  Supply Depot  
  132  11:50  Supply Depot  
  132  11:53  Marine  
  132  11:54  Viking x2  
  138  12:08  Marine x3  
  139  12:11  Marine  
  142  12:24  Viking x2  
  142  12:26  Marine x3  
  142  12:29  Marine  
  150  12:53  Marine x2  
  150  12:54  Marine x2  
  150  12:58  Siege Tank  
  157  13:11  Marine x4  
  123  13:29  Marine x4  
  114  13:47  Marine x4  
  91  14:04  Marine  
  91  14:05  Marine x3  
  80  14:22  Marine x2  
  80  14:23  Marine x2  
  82  14:29  Terran Infantry Weapons Level 3, Terran Infantry Armor Level 3  
  82  14:31  Raven  
  84  14:33  Viking x2  
  87  14:40  Marine x4  
  87  14:43  Stimpack  
  91  14:54  Widow Mine x2  
  91  14:58  Marine x4  
  99  15:03  Viking  
  101  15:11  Command Center  
  101  15:13  Raven  
  103  15:16  Marine  
  104  15:29  Widow Mine x2  
  104  15:33  Viking  
  104  15:34  Viking, Marine x2  
  114  15:37  Marine x2  
  116  15:52  Marine x2  
  116  15:55  Marine x2  
  116  15:56  Raven  
  122  15:57  Command Center  
  122  16:03  Medivac x2  
  126  16:13  Marine  
  127  16:27  Orbital Command  
  126  16:39  Raven  
  97  16:55  Marine x4  
  101  17:13  Marine x4  
  105  17:22  Raven  
  105  17:31  Marine x4  
  107  17:48  Marine  
  107  17:49  Marine x3  
  111  17:53  Orbital Command  
  111  18:00  Siege Tank x2  
  111  18:02  Viking  
  111  18:03  Viking  
  121  18:06  Marine x2  
  121  18:07  Marine x2  
  125  18:24  Marine x4  
  129  18:32  Siege Tank x2  
  135  18:42  Viking x2, Marine x4  
  135  18:44  Combat Shields  
  143  19:00  Marine x4  
  147  19:12  Viking x2  
  151  19:17  Marine  
  151  19:18  Marine x3  
  154  19:42  Viking x2  
  150  19:48  Marine x4  
  152  19:58  Terran Vehicle Weapons Level 2  
  152  20:05  Marine  
  152  20:06  Marine x3  
  156  20:12  Viking x2  
  149  20:23  Marine x2  
  149  20:24  Marine x2  
  142  20:41  Marine x3  
  142  20:42  Marine  
  127  22:14  Command Center  
  124  22:38  Supply Depot  
  124  22:39  Supply Depot  
  124  22:40  Supply Depot x2  
  124  23:12  Supply Depot  
  124  23:14  Supply Depot  
  124  23:15  Supply Depot  
  124  23:16  Supply Depot  
Show
View Real Time Build Order
Export as new Build Order

Grumm Protoss - Winner!

Build Orders: Zealot Archon 

Get SALT Encoding   

  12  0:03  Probe (Chrono Boost)  
  13  0:14  Probe (Chrono Boost)  
  14  0:28  Probe (Chrono Boost)  
  15  0:30  Pylon  
  15  0:34  Assimilator  
  15  0:49  Probe (Chrono Boost)  
  16  0:52  Gateway  
  16  0:58  Gateway  
  16  1:02  Probe (Chrono Boost)  
  17  1:12  Probe (Chrono Boost)  
  18  1:23  Probe (Chrono Boost)  
  19  1:26  Pylon  
  19  1:33  Probe (Chrono Boost)  
  20  1:40  Cybernetics Core  
  20  1:44  Probe (Chrono Boost)  
  22  2:01  Probe (Chrono Boost)  
  22  2:09  Assimilator  
  22  2:12  Probe (Chrono Boost)  
  23  2:20  Stalker  
  23  2:21  Stalker  
  23  2:22  Warp Gate (Chrono Boost)  
  27  2:29  Gateway  
  27  2:44  Nexus  
  27  2:48  Probe  
  28  2:56  Pylon  
  28  3:06  Probe  
  28  3:12  Stalker  
  31  3:14  Adept  
  31  3:18  Probe, Zealot  
  36  3:31  Probe  
  37  3:46  Probe  
  38  3:49  Pylon  
  38  3:52  Forge  
  38  3:54  Twilight Council  
  38  3:56  Mothership Core  
  38  4:01  Pylon  
  40  4:16  Stalker, Zealot  
  44  4:18  Sentry  
  46  4:29  Photon Cannon  
  46  4:30  Probe  
  47  4:31  Probe  
  48  4:42  Pylon, Probe x2  
  50  4:52  Dark Shrine  
  50  5:03  Robotics Facility  
  50  5:05  Probe  
  51  5:10  Assimilator  
  51  5:15  Probe, Photon Cannon  
  51  5:18  Probe  
  53  5:29  Zealot  
  53  5:32  Probe  
  53  5:33  Probe  
  57  5:37  Assimilator  
  57  5:45  Blink (Chrono Boost)  
  57  5:52  Photon Cannon  
  57  5:54  Photon Cannon  
  57  6:07  Observer  
  58  6:13  Dark Templar x2  
  58  6:14  Dark Templar  
  64  6:22  Archon  
  64  6:35  Probe  
  64  6:37  Probe  
  66  6:46  Probe, Immortal  
  70  6:47  Gateway  
  70  6:49  Pylon  
  69  7:04  Zealot x3  
  75  7:13  Probe x2  
  77  7:18  Pylon  
  77  7:21  Pylon  
  77  7:24  Stalker, Gateway  
  77  7:25  Stalker x2  
  83  7:45  Warp Prism  
  83  7:48  Dark Templar x3  
  91  7:59  Archon  
  91  8:05  Stalker  
  93  8:31  Nexus  
  93  8:48  Dark Templar x4  
  93  9:10  Probe  
  93  9:11  Probe  
  93  9:13  Dark Templar  
  93  9:15  Immortal  
  97  9:20  Robotics Bay  
  97  9:25  Pylon  
  97  9:26  Probe  
  97  9:27  Probe  
  97  9:29  Pylon  
  74  10:14  Probe  
  74  10:15  Probe x2  
  74  10:18  Zealot x2  
  74  10:19  Zealot x3  
  67  10:38  Probe  
  67  10:40  Stalker x4  
  67  10:41  Stalker  
  67  10:42  Probe x2  
  80  10:51  Photon Cannon  
  80  10:53  Photon Cannon  
  80  10:54  Probe, Protoss Ground Weapons Level 1 (Chrono Boost)  
  80  10:55  Probe, Photon Cannon  
  82  10:58  Photon Cannon  
  82  11:00  Assimilator  
  82  11:05  Assimilator  
  82  11:08  Immortal  
  82  11:10  Charge (Chrono Boost)  
  86  11:18  Forge  
  86  11:20  Forge  
  86  11:24  Dark Templar x2  
  90  11:26  Dark Templar  
  90  11:27  Dark Templar x2  
  90  11:29  Archon  
  90  11:30  Archon  
  90  11:32  Archon  
  96  11:46  Warp Prism  
  98  11:52  Pylon  
  98  11:54  Stargate  
  98  11:56  Stargate  
  98  12:03  Protoss Shields Level 1, Protoss Ground Armor Level 1  
  98  12:10  Protoss Air Weapons Level 1  
  98  12:15  Stalker x5  
  108  12:43  Zealot x2  
  112  12:44  Dark Templar x2  
  112  12:45  Dark Templar  
  86  13:27  Dark Templar x5  
  86  13:44  Archon x2  
  86  13:48  Void Ray x2  
  90  13:53  Nexus  
  90  13:55  Pylon  
  90  13:59  Pylon  
  90  14:00  Assimilator, Probe  
  90  14:01  Probe x2  
  93  14:03  Dark Templar  
  93  14:04  Stalker x3  
  101  14:13  Probe  
  90  14:29  Archon  
  86  14:33  Void Ray x2  
  86  14:35  Stalker  
  96  14:55  Extended Thermal Lance  
  96  14:59  Stalker x3  
  102  15:18  Void Ray (Chrono Boost)  
  102  15:20  Void Ray (Chrono Boost)  
  110  15:28  Assimilator  
  110  15:55  Nexus  
  110  16:19  Void Ray x2 (Chrono Boost)  
  60  17:58  Protoss Ground Armor Level 2 (Chrono Boost), Stalker x2  
  60  17:59  Stalker x3  
  60  18:01  Void Ray (Chrono Boost)  
  60  18:02  Void Ray (Chrono Boost)  
  78  18:06  Immortal  
  78  18:11  Protoss Ground Weapons Level 2 (Chrono Boost), Protoss Shields Level 2 (Chrono Boost), Protoss Air Armor Level 1  
  82  18:20  Gateway  
  82  18:21  Gateway  
  82  18:24  Assimilator, Pylon  
  82  18:26  Pylon  
  82  18:29  Stalker x3  
  82  18:30  Stalker x2  
  92  18:34  Probe  
  92  18:38  Void Ray (Chrono Boost)  
  97  18:45  Photon Cannon  
  97  18:46  Photon Cannon  
  97  18:48  Void Ray (Chrono Boost), Pylon  
  101  18:54  Stalker x3  
  101  18:55  Stalker x2  
  111  19:00  Probe  
  112  19:13  Pylon  
  112  19:15  Photon Cannon  
  112  19:18  Void Ray (Chrono Boost)  
  112  19:19  Assimilator  
  112  19:22  Immortal  
  120  19:24  Void Ray (Chrono Boost), Dark Templar x2  
  120  19:27  Dark Templar  
  120  19:30  Dark Templar  
  120  19:31  Archon  
  132  19:33  Archon  
  132  19:48  Gateway  
  132  19:50  Gateway  
  132  19:57  Dark Templar x4  
  132  19:58  Dark Templar  
  142  20:16  Void Ray x2 (Chrono Boost)  
  150  20:38  Stalker x3  
  150  20:39  Stalker x3  
  150  20:41  Stalker  
  158  21:10  Stalker  
  158  21:11  Stalker x4  
  164  21:12  Stalker x2  
  164  21:14  Stalker x2  
  176  21:36  Zealot x6  
  176  21:37  Zealot x3  
  174  22:55  Void Ray x2 (Chrono Boost)  
Tags
 
Add a new tag
Caveats
  • Supply blocks, unpowered buildings, or Contaminate may cause inaccurate times.
  • Supply counts are checked every 10 seconds.